 Dungeon Crawl Stone Soup version 0.31-a0-164-g2312942fda (webtiles) character file.

Game seed: 11060220574150754290

3135 mandarbmax the Skirmisher (level 9, -6/51 HPs)
             Began as a Deep Elf Hexslinger on June 13, 2023.
             Was an Elder of Ashenzari.
             Mangled by an orc knight
             ... wielding a +0 halberd
              (24 damage)
             ... in a bailey on June 14, 2023.
             The game lasted 00:29:08 (6084 turns).

mandarbmax the Skirmisher (Deep Elf Hexslinger)     Turns: 6084, Time: 00:29:11

Health: -6/51      AC:  7    Str:  5    XL:     9   Next: 61%
Magic:  20/22      EV: 18    Int: 19    God:    Ashenzari [****..]
Gold:   395        SH:  0    Dex: 21    Spells: 12/23 levels left

rFire   . . .        a - +1 sling "At What Cost Knowledge?" {Bglg, Range} (curse)
rCold   . . .        e - orb {light}
rNeg    + . .        c - +0 robe of the Circumscribed God {Bglg, Evo} (curse)
rPois   +            (no helmet)
rElec   .            r - +1 cloak of the Distant Secrets {Alch, Comp} (curse)
rCorr   .            o - +2 pair of gloves "Limitation of Ashenzari" {Self, Alch} (curse)
SInv    +            (no boots)
Will    .....        (no amulet)
Stlth   +            k - ring of the Eye in the Sky {rN+, Fort, Evo} (curse)
HPRegen 0.28/turn    n - ring of the Esoteric Sorrow {rPois, Cun, Elem} (curse)
MPRegen 0.18/turn

%: clarity
@: hasted, glowing, very quick
A: no striking features
a: Renounce Religion, Curse Item, Shatter the Chains


You were in a bailey.
You worshipped Ashenzari.
Ashenzari was greatly pleased with you.
You visited 2 branches of the dungeon, and saw 8 of its levels.
You also visited: Bailey.

You collected 395 gold pieces.

Inventory:

Hand Weapons
 a - the cursed +1 sling "At What Cost Knowledge?" (weapon) {Bglg, Range}

   It has a curse which improves the following skills: Beguiling: Conjurations,
   Hexes and Translocations.
   Ranged Combat: Ranged Weapons and Throwing.
 q - a +0 shortbow
 A - a +0 arbalest
Armour
 c - the cursed +0 robe of the Circumscribed God (worn) {Bglg, Evo}

   It has a curse which improves the following skills: Beguiling: Conjurations,
   Hexes and Translocations.
   Evocations: Evocations.
 e - an orb of light (worn)
 o - the cursed +2 pair of gloves "Limitation of Ashenzari" (worn) {Self, Alch}
   (You found it on level 3 of the Dungeon)

   It has a curse which improves the following skills: Introspection: Fighting
   and Spellcasting.
   Alchemy:   Poison Magic and Transmutations.
 r - the cursed +1 cloak of the Distant Secrets (worn) {Alch, Comp}
   (You took it off Crazy Yiuf on level 4 of the Dungeon)

   It has a curse which improves the following skills: Alchemy: Poison Magic and
   Transmutations.
   Companions: Summonings and Necromancy.
 t - a +1 leather armour of cold resistance
 v - +0 steam dragon scales
 y - a +0 buckler
Jewellery
 k - the cursed ring of the Eye in the Sky (left hand) {rN+, Fort, Evo}
   (You found it on level 2 of the Dungeon)

   [ring of positive energy]

   rN:        It protects you from negative energy.
   It has a curse which improves the following skills: Fortitude: Armour and
   Shields.
   Evocations: Evocations.
 l - a ring of fire
 n - the cursed ring of the Esoteric Sorrow (right hand) {rPois, Cun, Elem}
   (You found it on level 3 of the Dungeon)

   [ring of poison resistance]

   rPois:     It protects you from poison.
   It has a curse which improves the following skills: Cunning: Dodging and
   Stealth.
   Elements:  Fire Magic, Ice Magic, Air Magic and Earth Magic.
 B - a ring of protection from fire
Wands
 f - a wand of flame (8)
Scrolls
 b - 5 scrolls of fear
 j - 2 scrolls of revelation
 m - 2 scrolls of teleportation
 p - a scroll of enchant weapon
 x - a scroll of poison
 z - a scroll of fog
Potions
 d - 6 potions of curing
 g - 3 potions of might
 h - a potion of lignification
 i - a potion of resistance
 s - a potion of heal wounds
 u - a potion of cancellation


   Skills:
 - Level 2.0(3.3) Fighting
 - Level 13.4(15.2) Ranged Weapons
 + Level 6.3(8.2) Dodging
 - Level 2.7(4.2) Stealth
 + Level 6.0(7.9) Spellcasting
 + Level 6.7(9.5) Hexes
 - Level 2.0(4.0) Translocations


You had 12 spell levels left.
You knew the following spells:

 Your Spells              Type           Power      Damage    Failure   Level
a - Slow                  Hex            100%       N/A       1%          1
b - Portal Projectile     Hex/Tloc       66%        N/A       1%          3
c - Inner Flame           Hex/Fire       25%        N/A       3%          3
d - Cause Fear            Hex            21%        N/A       1%          4

Your spell library contained the following spells:

 Spells                   Type           Power      Damage    Failure   Level
 Apportation              Tloc           44%        N/A       1%          1
 Necrotise                Necr           32%        1d5       9%          1
 Summon Small Mammal      Summ           32%        N/A       9%          1
 Frozen Ramparts          Ice            16%        1d3       26%         3
 Ice Form                 Ice/Tmut       8%         N/A       63%         4
 Summon Ice Beast         Ice/Summ       8%         N/A       63%         4
 Alistair's Intoxication  Tmut/Pois      5%         N/A       92%         5
 Borgnjor's Vile Clutch   Necr/Erth      4%         N/A       93%         5
 Eringya's Noxious Bog    Tmut/Pois      4%         N/A       100%        6


Dungeon Overview and Level Annotations

Branches:
Dungeon (7/15)             Temple (1/1) D:6          Bailey (1/1)

Altars:
Ashenzari
Cheibriados
Dithmenos
Hepliaklqana
Nemelex Xobeh
Okawaru
Trog
Vehumet
Xom


Message History

You start resting.
Magic restored.
You start resting.
HP restored.
You open the door. You open the door.
Okay, then.
Okay, then.
You open the gate.
Found a ring of protection from fire.
Found two gates leading back out of this place.
There is an open gate here.
B - a ring of protection from fire You feel yourself speed up.
You open the door.
An orc knight and 2 orc warriors come into view.
The orc knight shouts!
The orc warrior hits you from afar with a +0 trident.
Found a +1 robe of positive energy and a potion of experience.
The air fills with toxic fumes!
As you read the scroll of poison, it crumbles to dust.
The orc warrior hits you from afar with a +0 trident.
The orc knight hits you from afar with a +0 halberd!
Casting: Slow (safe; 1% risk of failure)
Confirm with . or Enter, or press ? or * to list all spells.
Aiming: Slow (safe; 1% risk of failure)
Press: ? - help, Shift-Dir - straight line, f - orc knight
Aim: an orc knight, wielding a +0 halberd and wearing a +0 plate armour (haloed, chance to affect: 38%)
The orc knight resists with some effort.
The orc warrior shouts!
Unknown command.
Casting: Slow (safe; 1% risk of failure)
Confirm with . or Enter, or press ? or * to list all spells.
Aiming: Slow (safe; 1% risk of failure)
Press: ? - help, Shift-Dir - straight line, f/p - orc knight
Aim: an orc knight, wielding a +0 halberd and wearing a +0 plate armour (haloed, chance to affect: 38%)
The orc knight seems to slow down.
The orc warrior hits you from afar with a +0 trident!
The orc knight hits you from afar with a +0 halberd!!
You die...

..≈≈###≈≈...............≈≈###≈≈..
..≈##.##≈...............≈##.##≈..
..≈#..)).....................#≈..
..≈##.∩#≈...............≈#∩.##≈..
..≈≈#.##≈....#######....≈##.#≈≈..
...≈≈.≈≈≈...##§§§§##)...≈≈≈.≈≈...
...........##§§§§§##.............
..........##..#§§§##.............
..........#..##§@§##..##.........
.........##.####§####.##.........
.........##.'.#oo§#.'.##.........
.........##.###§8§###.##.........
.........##.'.#§o§#)'.##.........
.........##.#########.##.........
..........#..##)#)##..#..........
..........##..#'#'#..##..........
...........##.......##...........


You could see an orc knight (slow) and 2 orc warriors.

Vanquished Creatures
  A komodo dragon (D:6)
  Grinder (D:3)
  Eustachio (D:5)
  2 wyverns
  A steam dragon (D:6)
  A water moccasin (D:6)
  Duvessa (D:4)
  7 orc warriors
  2 black bears
  An ice beast (D:6)
  2 scorpions (D:5)
  4 wights (D:6)
  Dowan (D:4)
  Crazy Yiuf (D:4)
  3 hounds
  A jelly (D:6)
  2 orc priests (D:6)
  A sleepcap (D:6)
  3 iguanas
  2 orc wizards (D:6)
  A gnoll (D:1)
  7 adders
  A white imp (D:6)
  2 worms
  3 dart slugs
  19 orcs
  10 endoplasms
  7 giant cockroaches
  16 goblins
  8 hobgoblins
  2 jackals (D:1)
  6 kobolds
  A quokka (D:1)
  8 ball pythons
  4 bats
  3 frilled lizards
  8 rats
  A spectral hobgoblin (D:1)
145 creatures vanquished.

Notes
Turn   | Place    | Note
-------+----------+-------------------------------------------
     0 | D:1      | mandarbmax the Deep Elf Hexslinger began the quest for the
                  | Orb.
     0 | D:1      | Reached XP level 1. HP: 11/11 MP: 5/5
   116 | D:1      | Reached skill level 1 in Fighting
   116 | D:1      | Reached skill level 3 in Ranged Weapons
   145 | D:1      | Reached XP level 2. HP: 16/16 MP: 6/6
   255 | D:1      | Found a faded altar of an unknown god.
   265 | D:1      | Prayed at the altar of an unknown god.
   265 | D:1      | Became a worshipper of Ashenzari the Shackled
   430 | D:1      | Reached skill level 4 in Ranged Weapons
   604 | D:1      | Reached XP level 3. HP: 20/20 MP: 7/7
   871 | D:2      | Reached * piety under Ashenzari
  1008 | D:2      | Reached skill level 5 in Ranged Weapons
  1273 | D:3      | Learned a level 3 spell: Portal Projectile
  1357 | D:3      | Reached XP level 4. HP: 25/25 MP: 5/8
  1493 | D:3      | Noticed Grinder
  1507 | D:3      | Killed Grinder
  1508 | D:3      | Reached skill level 7 in Ranged Weapons
  1508 | D:3      | Reached skill level 1 in Translocations
  1508 | D:3      | Reached XP level 5. HP: 25/29 MP: 10/10
  1508 | D:3      | Reached XP level 6. HP: 30/34 MP: 11/11
  1512 | D:3      | Learned a level 3 spell: Inner Flame
  1540 | D:3      | Found a broken altar of Ashenzari.
  1557 | D:3      | Reached ** piety under Ashenzari
  1878 | D:3      | Reached skill level 8 in Ranged Weapons
  2130 | D:4      | Noticed Duvessa
  2137 | D:4      | Killed Duvessa
  2166 | D:4      | Noticed Dowan
  2268 | D:4      | Found a runed translucent door.
  2269 | D:4      | Noticed Crazy Yiuf
  2494 | D:4      | Killed Dowan
  2495 | D:4      | Reached XP level 7. HP: 32/39 MP: 0/12
  2854 | D:4      | Found a sparkling altar of Nemelex Xobeh.
  2984 | D:4      | Killed Crazy Yiuf
  2985 | D:4      | Reached skill level 1 in Stealth
  3024 | D:5      | Entered Level 5 of the Dungeon
  3045 | D:5      | Reached *** piety under Ashenzari
  3235 | D:5      | Reached skill level 9 in Ranged Weapons
  3391 | D:5      | Noticed Eustachio
  3403 | D:5      | Killed Eustachio
  3513 | D:5      | Noticed a shadow
  3514 | D:5      | Found a shadowy altar of Dithmenos.
  3515 | D:5      | Found a hazy altar of Hepliaklqana.
  3710 | D:5      | Found an iron altar of Okawaru.
  3841 | D:5      | Learned a level 4 spell: Cause Fear
  3878 | D:6      | Noticed a steam dragon
  3887 | D:6      | Killed a steam dragon
  3888 | D:6      | Reached skill level 10 in Ranged Weapons
  3888 | D:6      | Reached XP level 8. HP: 34/46 MP: 12/17
  3942 | D:6      | Found a radiant altar of Vehumet.
  3984 | D:6      | Reached skill level 11 in Ranged Weapons
  4143 | D:6      | Reached **** piety under Ashenzari
  4221 | D:6      | Found a snail-covered altar of Cheibriados.
  4322 | D:6      | Reached skill level 12 in Ranged Weapons
  4506 | D:6      | Noticed a komodo dragon
  4509 | D:6      | Found a staircase to the Ecumenical Temple.
  4520 | Temple   | Entered the Ecumenical Temple
  4588 | D:6      | Killed a komodo dragon
  4589 | D:6      | Reached skill level 13 in Ranged Weapons
  4589 | D:6      | Reached XP level 9. HP: 22/51 MP: 12/19
  4609 | D:6      | Reached skill level 5 in Hexes
  4829 | D:6      | Reached skill level 5 in Dodging
  5307 | D:7      | Found a flagged portal.
  5360 | Bailey   | Entered a bailey
  5428 | Bailey   | Reached skill level 5 in Spellcasting
  6081 | Bailey   | Noticed an orc knight
  6084 | Bailey   | Mangled by an orc knight

Illustrated notes

Levels and vault maps discovered:
D:1:      minmay_arrival_semitransparent, layout_loops_ring,
          dreamdust_ecumenical_altar_drowned_temple
D:2:      layout_rooms
D:3:      layout_basic, nicolae_ashenzari_panopticon,
          hangedman_decor_clover_reticule, kennysheep_potato, uniq_grinder
D:4:      layout_basic, nemelex_altar_shiori, nrook_campfire,
          uniq_crazy_yiuf_cottage, uniq_duvessa
D:5:      layout_gridville, riverfiend_overflow_shadow_ancestor,
          mainiacjoe_overflow_cross_hatched, kennysheep_small_spiral,
          uniq_eustachio
D:6:      layout_loops_ring, cheibrodos_worm_habitat, vehumet_crystals,
          minmay_temple_entry_offerings, hangedman_minor_gate_pass
D:7:      layout_basic, enter_bailey_3
Temple:   nicolae_temple_superstar
Bailey:   bailey_polearm_2, bailey

Skill      XL: |  1  2  3  4  5  6  7  8  9 |
---------------+----------------------------+-----
Fighting       | 1 2 |  2.0
Ranged Weapons | 3 4 5 7 8 10 13 | 13.4
Dodging        | 3 4 6 |  6.3
Spellcasting   | 2 3 6 |  6.0
Translocations | 1 2 |  2.0
Stealth        | 2 |  2.7
Hexes          | 6 |  6.7

Action                     |  1- 3 |  4- 6 |  7- 9 || total
---------------------------+-------+-------+-------++-------
   Fire: Sling             |   123 |   132 |   292 ||   547
   Cast: Slow              |     2 |     8 |    21 ||    31
         Inner Flame       |       |     8 |    34 ||    42
         Portal Projectile |       |     1 |     5 ||     6
         Cause Fear        |       |       |     1 ||     1
 Invoke: Curse Item        |     2 |     2 |     2 ||     6
    Use: Scroll            |       |     5 |     4 ||     9
         Potion            |       |     2 |     1 ||     3
 Armour: Robe              |     7 |     7 |    19 ||    33
  Dodge: Dodged            |    21 |    23 |    98 ||   142

Table legend: (Time is in decaauts)
 A = Elapsed time spent in this place.
 B = Non-inter-level travel time spent in this place.
 C = Inter-level travel time spent in this place.
 D = Time resting spent in this place.
 E = Time spent auto-exploring this place.
 F = Levels seen in this place.
 G = Mean time per level.
                   A        B        C        D        E       F      G
               +--------+--------+--------+--------+--------+-----+--------+
         Total |   6054 |   5840 |    214 |    741 |   3952 |   9 |  672.7 |
       Dungeon |   5297 |   5083 |    214 |    415 |   3722 |   7 |  756.7 |
        Temple |     58 |     58 |      0 |     56 |      0 |   1 |   58.0 |
        Bailey |    697 |    697 |      0 |    270 |    230 |   1 |  697.0 |
               +--------+--------+--------+--------+--------+-----+--------+

Top non-repeatable levels by time:
     D:6: 1228 daAuts
     D:4: 1000 daAuts
     D:5: 843 daAuts
     D:3: 842 daAuts
     D:1: 818 daAuts
  Bailey: 697 daAuts
     D:2: 462 daAuts
     D:7: 101 daAuts
  Temple: 58 daAuts
